 Dungeon Crawl Stone Soup version 0.22-a0-782-g038298e (webtiles) character file.

123 Kuinu the Firebug (level 4, -9/33 HPs)
             Began as a Draconian Fire Elementalist on July 20, 2018.
             Killed by divine providence
             ... invoked by an orc priest
              (10 damage)
             ... on level 3 of the Dungeon.
             The game lasted 00:11:04 (3662 turns).

Kuinu the Firebug (Draconian Fire Elementalist)     Turns: 3662, Time: 00:11:04

Health: -9/33      AC:  5    Str: 11    XL:     4   Next: 80%
Magic:  4/8        EV: 12    Int: 16    God:
Gold:   68         SH:  0    Dex: 11    Spells: 3/9 levels left

rFire    . . .     SeeInvis .   e - +0 dagger
rCold    . . .     Gourm    .   (no shield)
rNeg     . . .     Faith    .   (armour unavailable)
rPois    .         Spirit   .   (helmet restricted)
rElec    .         Reflect  .   (no cloak)
rCorr    .         Harm     .   (no gloves)
MR       .....                  (no boots)
Stlth    +.........             (no amulet)
HPRegen  0.11/turn              (no ring)
MPRegen  0.11/turn              (no ring)

@: confused
A: unfitting armour, cold-blooded, AC +5
a: no special abilities


You were on level 3 of the Dungeon.
You were not hungry.

You visited 1 branch of the dungeon, and saw 3 of its levels.

You collected 68 gold pieces.

Inventory:

Hand Weapons
 e - a +0 dagger (weapon)
Jewellery
 k - an uncursed ring of wizardry {unknown}
Scrolls
 d - 3 scrolls of identify {unknown}
 j - a scroll of fear {unknown}
 l - a scroll of enchant armour {unknown}
Potions
 h - a potion of might {unknown}
 i - a potion of haste {unknown}
Comestibles
 a - 3 chunks of flesh
 b - 2 rations


   Skills:
 + Level 2.2 Dodging
 + Level 2.3 Stealth
 * Level 3.1 Spellcasting
 + Level 1.6 Conjurations
 * Level 4.0 Fire Magic


You had 3 spell levels left.
You knew the following spells:

 Your Spells              Type           Power        Failure   Level  Hunger
a - Flame Tongue          Conj/Fire      ##...        6%          1    None
b - Throw Flame           Conj/Fire      ##....       9%          2    ##.....
c - Conjure Flame         Conj/Fire      ##......     17%         3    ###....

Your spell library contained the following spells:

 Spells                   Type           Power        Failure   Level  Hunger
 Fireball                 Conj/Fire      ##........   85%         5    ######.
 Sticky Flame             Conj/Fire      ##......     50%         4    ####...
 Inner Flame              Hex/Fire       #.......     24%         3    ###....


Dungeon Overview and Level Annotations

Branches:
Dungeon (3/15)

Altars:
Yredelemnul

Annotations:
D:2 Natasha, Sigmund
D:3 2 transporters


Innate Abilities, Weirdness & Mutations

Your plain brown scales are hard. (AC +5)
You cannot fit into any form of body armour.
You are cold-blooded and may be slowed by cold attacks.


Message History

An orc and an orc priest come into view.
You are confused.
Found 11 gold pieces.
The orc shouts!
You hear a shout! x2
The orc priest calls down the wrath of Beogh upon you.
Beogh smites you!
* * * LOW HITPOINT WARNING * * *
You hear a shout!
You're too confused!
What are your orders? t - Shout!
Orders for allies: a - Attack new target. r - Retreat! s - Stop attacking. g - Guard the area. f - Follow me.
Anything else - Cancel.
Okay, then.
You miss the orc priest.
The orc priest invokes the aid of Beogh against you.
Beogh smites you!
You die...

#
#.###.#$[#...#..#...#
#.#...#8..#.#.r8#..##
#.#.##.....ny##..#
#.#..#########...# #
##.............#
############.##
########### #.#
#.......ยง{###.#
#@#######.....# #o#
#.##### o.# #.# .###
#.# #$ >.# # #.# #.#
#.#


You could see an orc priest and an orc.

Vanquished Creatures
  2 adders
  5 gnolls
  A worm (D:3)
  6 giant cockroaches
  8 goblins
  6 hobgoblins
  6 jackals
  3 kobolds
  A ball python (D:1)
  5 bats
  2 frilled lizards (D:2)
  5 rats
50 creatures vanquished.

Notes
Turn   | Place    | Note
-------+----------+-------------------------------------------
     0 | D:1      | Kuinu the Draconian Fire Elementalist began the quest for the Orb.
     0 | D:1      | Reached XP level 1. HP: 14/14 MP: 3/3
   263 | D:1      | Reached XP level 2. HP: 20/20 MP: 0/5
   267 | D:1      | Learned a level 2 spell: Throw Flame
   911 | D:1      | Reached XP level 3. HP: 26/26 MP: 0/6
  1995 | D:2      | Noticed Sigmund
  2212 | D:2      | Reached XP level 4. HP: 30/33 MP: 2/8
  2688 | D:2      | Noticed Natasha
  2884 | D:2      | Learned a level 3 spell: Conjure Flame
  3442 | D:3      | Reached skill level 4 in Fire Magic
  3569 | D:3      | Noticed a necrophage
  3571 | D:3      | Found a transporter.
  3571 | D:3      | Found a basalt altar of Yredelemnul.
  3584 | D:3      | Found a transporter.
  3661 | D:3      | HP: 1/33 [orc priest/divine providence (11)]
  3662 | D:3      | Killed from afar by an orc priest

Vault maps used:
D:1:      dpeg_arrival_prison
D:2:      gammafunk_temple_overflow_pools, minmay_box_of_dots, uniq_natasha,
          uniq_sigmund
D:3:      gammafunk_temple_overflow_arena, st_stairs_5

Skill      XL: |  1  2  3  4 |
---------------+-------------+-----
Dodging        | 2 |  2.2
Stealth        | 2 |  2.3
Spellcasting   | 3 |  3.1
Fire Magic     | 4 |  4.0
Conjurations   | |  1.6

Action                   |  1- 3 |  4- 6 || total
-------------------------+-------+-------++-------
Melee: Unarmed           |     9 |       ||     9
       Dagger            |    57 |    21 ||    78
       Tailslap          |     1 |     3 ||     4
 Cast: Flame Tongue      |    40 |    23 ||    63
       Throw Flame       |    15 |     8 ||    23
       Conjure Flame     |       |     1 ||     1
  Use: Scroll            |       |     3 ||     3
       Potion            |       |     2 ||     2
  Eat: Chunk             |     4 |     1 ||     5
       Ration            |     1 |     1 ||     2
Armor: Skin              |    22 |    10 ||    32
Dodge: Dodged            |    54 |    22 ||    76

Table legend:
 A = Spawn XP
 B = Non-spawn XP
 C = Spawn XP percentage of total XP
 D = Spawn monster count
 E = Non-spawn monster count
 F = Spawn count percentage of total count
 G = Total turns spent on level
                    A         B        C        D         E        F      G
               +---------+---------+-------+---------+---------+-------+---------
         Total |       0 |     177 |   0.0 |       0 |      50 |   0.0 |  3662
               +---------+---------+-------+---------+---------+-------+---------
           D:1 |       0 |      60 |   0.0 |       0 |      27 |   0.0 |  1827
           D:2 |       0 |      99 |   0.0 |       0 |      21 |   0.0 |  1588
           D:3 |       0 |      18 |   0.0 |       0 |       2 |   0.0 |   247
               +---------+---------+-------+---------+---------+-------+---------
